 Dungeon Crawl Stone Soup version 0.31-a0-1447-g87ca8d402b (webtiles) character file.

Game seed: 2624037824865550618

154 dialectric the Trooper (level 5, -1/57 HPs)
             Began as an Oni Fighter on Dec 27, 2023.
             Was a Believer of Uskayaw.
             Slain by an orc
             ... wielding a +0 dagger
              (2 damage)
             ... on level 3 of the Dungeon on Dec 28, 2023.
             The game lasted 00:03:27 (1874 turns).

dialectric the Trooper (Oni Fighter)                Turns: 1874, Time: 00:03:29

Health: -1/57      AC:  3    Str: 20    XL:     5   Next: 36%
Magic:  5/5        EV: 10    Int:  9    God:    Uskayaw [**....]
Gold:   80         SH:  0    Dex: 10    Spells: 4/4 levels left

rFire   . . .        a - +0 flail
rCold   . . .        (no shield)
rNeg    . . .        b - +0 robe
rPois   .            (helmet restricted)
rElec   .            (no cloak)
rCorr   .            (gloves unavailable)
SInv    .            (boots unavailable)
Will    +....        (no amulet)
Stlth   +            (no ring)
HPRegen 0.29/turn    (no ring)
MPRegen 0.09/turn

%: no passive effects
@: lethally poisoned (-1 -> -8), enlightened, flying
A: large, unfitting armour, horns 1, tough skin 1, double potion healing,
drunken brawling
a: Renounce Religion, Stomp, Line Pass


You were on level 3 of the Dungeon.
You worshipped Uskayaw.
Uskayaw was noncommittal.
You visited 1 branch of the dungeon, and saw 3 of its levels.

You collected 80 gold pieces.

Inventory:

Hand Weapons
 a - a +0 flail (weapon)
Missiles
 e - 5 poisoned darts
Armour
 b - a +0 robe (worn)
 c - a +0 kite shield
Scrolls
 g - a scroll of butterflies {unknown}
 h - 3 scrolls of identify {unknown}
 i - 2 scrolls of fog {unknown}
 l - 3 scrolls of enchant armour {unknown}
 m - a scroll of immolation {unknown}
Potions
 d - 3 potions of might
 f - 2 potions of enlightenment
 j - a potion of attraction {unknown}
 k - a potion of curing {unknown}


   Skills:
 + Level 5.5 Fighting
 + Level 3.4 Maces & Flails
 + Level 3.7 Dodging
 - Level 2.7 Shields


You had 4 spell levels left.
You didn't know any spells.
Your spell library contained the following spells:

 Spells                   Type           Power      Damage    Failure   Level
 Mercury Vapours          Alch/Air       0%         N/A       52%         2
 Mephitic Cloud           Conj/Alch/Air  0%         N/A       77%         3
 Freezing Cloud           Conj/Ice/Air   0%         6-21      100%        5
 Malign Gateway           Summ/Tloc      0%         N/A       100%        7
 Summon Horrible Things   Summ           0%         N/A       100%        8


Dungeon Overview and Level Annotations

Branches:
Dungeon (3/15)

Altars:
Cheibriados
Uskayaw


Innate Abilities, Weirdness & Mutations

You are too large for most types of armour.
You have a pair of small horns on your head.
You have tough skin. (AC +1)
You gain doubled healing and magic from potions.
Whenever you drink a healing potion, you attack all around you.


Message History

The orc hits you with a +0 dagger. The orc closely misses you.
You barely miss the orc. You headbutt the orc.
You kill the orc!
You hit the orc. You headbutt the orc.
You kill the orc!
You barely miss something. Your headbutt misses something. Something hits you.
You are poisoned.
You miss something.
You feel very sick. Something completely misses you.
You hear some strange, mumbled words.
Something tries to affect you, but you resist.
You closely miss something.
You feel sick. Something hits you.
You are more poisoned.
You closely miss something. You headbutt something!
You feel sick. Something hits you.
You are more poisoned.
You can now pass through a line of other dancers.
You barely miss something.
You feel very sick. Something hits you.
* * * LOW HITPOINT WARNING * * *
You are lethally poisoned!
You sock something!
Reactivating autopickup.
You feel a bit more experienced.
* * * LOW HITPOINT WARNING * * *
You feel very sick.
You hit the orc but do no damage.
* * * LOW HITPOINT WARNING * * *
You feel very sick. The orc closely misses you.
The orc hits you with a +0 dagger.
* * * LOW HITPOINT WARNING * * *
It was a potion of enlightenment.
You feel very buoyant.
You fly up into the air.
* * * LOW HITPOINT WARNING * * *
You feel very sick. The orc hits you with a +0 dagger.
You die...

.###. ####.#.. ##
...o...######## ..#
..............# ...#
.......#####.# ....#
..........#.######..)..#
###.......#.....@o.†.....#
<...##....#.#.####........
<....#....#.#.# #.#......
.....#....#...# #.#.....#
.....#....#.### #.# '##.#
##...##...#.# #.# .. .
....###...#.######.# ..
##.................. ...
...>...............


You could see an orc.

Vanquished Creatures
  An orc priest (D:2)
  An orc wizard (D:3)
  3 adders (D:2)
  2 dart slugs (D:2)
  11 orcs
  5 endoplasms
  6 hobgoblins
  6 jackals
  3 kobolds
  A quokka (D:2)
  6 ball pythons
  2 bats (D:2)
  2 frilled lizards (D:1)
  3 goblins
  5 rats (D:2)
57 creatures vanquished.

Notes
Turn   | Place    | Note
-------+----------+-------------------------------------------
     0 | D:1      | dialectric the Oni Fighter began the quest for the Orb.
     0 | D:1      | Reached XP level 1. HP: 24/24 MP: 1/1
   260 | D:1      | Reached XP level 2. HP: 32/32 MP: 2/2
   515 | D:2      | Reached XP level 3. HP: 31/40 MP: 3/3
   901 | D:2      | Found a faded altar of an unknown god.
   909 | D:2      | Prayed at the altar of an unknown god.
   909 | D:2      | Became a worshipper of Uskayaw the Reveller
   909 | D:2      | Reached * piety under Uskayaw
   922 | D:2      | Reached XP level 4. HP: 49/49 MP: 4/4
  1100 | D:2      | Reached skill level 5 in Fighting
  1140 | D:2      | Found a snail-covered altar of Cheibriados.
  1571 | D:2      | Reached ** piety under Uskayaw
  1778 | D:3      | Reached XP level 5. HP: 49/57 MP: 5/5
  1794 | D:3      | Upgraded the game from 0.31-a0-1424-g2add1c7226 to
                  | 0.31-a0-1447-g87ca8d402b
  1874 | D:3      | HP: 1/57 [poisoned by an orc wizard]
  1874 | D:3      | Slain by an orc

Illustrated notes

Levels and vault maps discovered:
D:1:      dpeg_arrival_shrine, layout_basic
D:2:      layout_basic, hellmonk_ecumenical_altar_slurped_away, basic_altar
D:3:      layout_basic

Skill      XL: |  1  2  3  4 |
---------------+-------------+-----
Dodging        | 3 |  3.7
Fighting       | 5 |  5.5
Maces & Flails | 3 |  3.4
Shields        | |  2.7

Action                     |  1- 3 |  4- 6 || total
---------------------------+-------+-------++-------
  Melee: Flail             |    86 |    74 ||   160
         Headbutt          |     8 |    12 ||    20
    Use: Potion            |       |     1 ||     1
 Armour: Robe              |    73 |    76 ||   149
  Dodge: Dodged            |    52 |    62 ||   114
  Block: Kite shield       |     4 |       ||     4

Table legend: (Time is in decaauts)
 A = Elapsed time spent in this place.
 B = Non-inter-level travel time spent in this place.
 C = Inter-level travel time spent in this place.
 D = Time resting spent in this place.
 E = Time spent auto-exploring this place.
 F = Levels seen in this place.
 G = Mean time per level.
                   A        B        C        D        E       F      G
               +--------+--------+--------+--------+--------+-----+--------+
         Total |   1923 |   1890 |     33 |      0 |   1354 |   3 |  641.0 |
       Dungeon |   1923 |   1890 |     33 |      0 |   1354 |   3 |  641.0 |
               +--------+--------+--------+--------+--------+-----+--------+

Top non-repeatable levels by time:
     D:2: 1145 daAuts
     D:1: 512 daAuts
     D:3: 264 daAuts
